Map: Imperio eterno EE

Players

Alan

  • Race: Terran Terran
  • League: Platinum
  • Spawn Location: 1:00

MrFercho - Winner!

  • Race: Zerg Zerg
  • League: Gold
  • Spawn Location: 7:00

VOD

Have the link to the VOD?

Description

Time

  • Played on: Aug. 22, 2020, 10:54 p.m.
  • Length: 6:25
Show
View Real Time Build Order
Export as new Build Order

Alan Terran 

Build Orders:  

Get SALT Encoding   

  12  0:06  SCV  
  13  0:17  Supply Depot  
  13  0:22  SCV  
  14  0:39  Barracks  
  14  0:53  SCV  
  15  1:05  SCV  
  15  1:09  Refinery  
  16  1:20  SCV  
  17  1:26  Refinery  
  17  1:29  Marine  
  17  1:32  SCV  
  19  1:34  Bunker  
  19  1:44  SCV  
  20  1:47  Marine  
  21  1:56  SCV  
  22  2:04  Marine  
  23  2:38  Factory  
  23  2:42  Supply Depot  
  23  3:03  Marine, SCV  
  25  3:15  SCV  
  25  3:46  SCV  
  26  3:49  Starport  
  26  3:53  Barracks  
  26  3:59  SCV  
  26  4:07  Command Center  
  26  4:14  Factory Tech Lab  
  26  4:24  SCV  
  27  4:34  Bunker  
  27  4:36  Viking  
  28  4:49  Marine  
  26  5:21  Supply Depot  
  26  5:36  Bunker  
  26  5:42  Marine x2  
  26  5:43  Siege Tank  
  26  5:49  Supply Depot  
  31  6:00  Marine  
  31  6:10  SCV  
Show
View Real Time Build Order
Export as new Build Order

MrFercho Zerg - Winner!

Build Orders: Hatch First 

Get SALT Encoding   

  12  0:00  Drone  
  13  0:12  Overlord  
  13  0:17  Drone  
  14  0:31  Drone x2  
  16  0:50  Hatchery  
  16  0:53  Drone  
  16  0:57  Drone  
  16  1:01  Drone  
  18  1:11  Extractor  
  17  1:17  Spawning Pool  
  16  1:19  Drone  
  16  1:22  Drone  
  18  1:29  Drone  
  19  1:48  Overlord  
  19  2:03  Overlord  
  19  2:06  Queen x2  
  19  2:08  Zergling x4  
  25  2:18  Spine Crawler  
  25  2:22  Zergling x4  
  26  2:25  Zergling x2  
  26  2:29  Zergling x2  
  28  3:07  Queen  
  28  3:09  Spine Crawler  
  28  3:11  Drone x4  
  28  3:12  Drone  
  34  3:15  Overlord  
  34  3:25  Drone x2  
  36  3:46  Drone x3  
  36  3:47  Drone x3  
  42  3:50  Extractor  
  41  4:06  Zergling x10  
  46  4:18  Metabolic Boost  
  46  4:29  Baneling Nest  
  45  4:31  Evolution Chamber  
  45  4:35  Hatchery  
  43  5:08  Zergling x2  
  43  5:09  Zergling x10  
  46  5:45  Baneling x7  
  46  5:47  Zergling x4  
  46  5:48  Zergling x10  
Tags
 
Matchup
TvZ
Replay Pack
MrFercho
Spawn Locations
Cross Positions
Add a new tag
Caveats
  • Supply blocks, unpowered buildings, or Contaminate may cause inaccurate times.
  • Supply counts are checked every 10 seconds.